 Dungeon Crawl Stone Soup version 0.29-a0-323-g050149af67 (webtiles) character file.

Game seed: 1676097170694721330

29 spaghetti the Slasher (level 3, -5/20 (26) HPs)
             Began as an Octopode Chaos Knight on Apr 10, 2022.
             Was a Plaything of Xom.
             Slain by a kobold
             ... wielding a +2 short sword of draining
              (7 damage)
             ... on level 2 of the Dungeon.
             The game lasted 00:02:01 (2077 turns).

spaghetti the Slasher (Octopode Chaos Knight)       Turns: 2077, Time: 00:02:02

HP:   -5/20 (26)    AC:  1    Str: 11    XL:     3   Next: 16%
MP:   3/3           EV: 13    Int: 14    God:    Xom [..*...]
Gold: 60            SH:  0    Dex: 13    Spells: 2/2 levels left

rFire   + . .      SeeInvis .   a - +0 falchion (chaos) {long}
rCold   + . .      Faith    .   (no shield)
rNeg    . . .      Spirit   .   (helmet restricted)
rPois   +          Reflect  .   (no amulet)
rElec   +          Harm     .   (no ring)
rCorr   +          Rampage  .   (no ring)
Will    .....                   (no ring)
Stlth   ++........              (no ring)
HPRegen 0.06/turn               (no ring)
MPRegen 0.08/turn               (no ring)
                                (no ring)
                                (no ring)

@: resistant, hasted, heavily drained, very quick
A: almost no armour, amphibious, 8 rings, camouflage 1, gelatinous body 1,
(nimble swimmer 1), tentacles
a: Renounce Religion


You were on level 2 of the Dungeon.
You worshipped Xom.
You were a toy of Xom.
You visited 1 branch of the dungeon, and saw 2 of its levels.

You collected 60 gold pieces.


Innate Abilities, Weirdness & Mutations

You cannot wear most types of armour.
You are amphibious.
You can wear up to eight rings at the same time.
Your skin changes colour to match your surroundings (Stealth+).
Your rubbery body absorbs attacks. (AC +1, EV +1)
((You are camouflaged when in or above water. (Stealth+)))
You have tentacles for arms and can constrict up to eight enemies at once.


   Skills:
 - Level 3.0 Fighting
 + Level 4.2 Long Blades
 - Level 2.3 Dodging


You had 2 spell levels left.
You didn't know any spells.
Your spell library contained the following spells:

 Spells                   Type           Power      Damage    Failure   Level
 Conjure Flame            Conj/Fire      0%         6-21      65%         3
 Frozen Ramparts          Ice            0%         1d2       65%         3
 Ignite Poison            Fire/Tmut/Pois 0%         N/A       65%         3
 Ice Form                 Ice/Tmut       0%         N/A       96%         4
 Sticky Flame             Conj/Fire      0%         2d3       96%         4
 Summon Ice Beast         Ice/Summ       0%         N/A       96%         4

Inventory:

Hand Weapons
 a - a +0 falchion of chaos (weapon) {long}
 i - a +2 club of chaos {mace}
   (You took it off a kobold on level 1 of the Dungeon)
Missiles
 e - 24 stones {throwing}
 k - 3 boomerangs {throwing}
 l - 6 poisoned darts {throwing}
Scrolls
 f - a scroll of enchant armour {unknown}
 g - 3 scrolls of blinking {unknown}
 h - 3 scrolls of fog {unknown}
 j - 2 scrolls of identify {unknown}
Potions
 m - a potion of berserk rage {unknown}
Miscellaneous
 b - a piece from Xom's chessboard (15/15) (quivered)

Dungeon Overview and Level Annotations

Branches:
Dungeon (2/15)

Altars:

########..........#........#
#.######+#.#######..# #.#..
..# #..# #<#.# ..# #..#
#.#.# ..# #..# #.#.# ..##
#.#.# # #.#.####....
#...@K...... ###...♣...##
###.♣ .# ... ..... #..#.#
... # ...!


You could see a kobold.


Message History

e - 23 stones {throwing} (gained 1)
A frilled lizard comes into view. 😎 HP[+4]
Your hp is fully restored (26).
A frilled lizard is nearby!
A frilled lizard is nearby!
A frilled lizard is nearby!
A frilled lizard is nearby!
A frilled lizard is nearby!
The helpless frilled lizard fails to defend itself.
You hit the frilled lizard.
You kill the frilled lizard!
No target in view!
No target in view!
No target in view!
No target in view!
No target in view!
No target in view!
No target in view!
No target in view!
No target in view!
No target in view!
e - 24 stones {throwing} (gained 1) Key pressed, stopping explore.
Key pressed, stopping explore.
Found an escape hatch in the floor.
No target in view!
Key pressed, stopping explore.
Key pressed, stopping explore.
Key pressed, stopping explore.
Found a stone staircase leading down.
No target in view!
You now have 60 gold pieces (gained 6).
j - 2 scrolls labelled JAHOET FAPPEROWO (gained 1)
m - an amethyst potion You open the door.
There is an open door here.
Key pressed, stopping explore.
Found an escape hatch in the ceiling.
No target in view!
No target in view!
No target in view!
No target in view!
No target in view!
No target in view!
No target in view!
No target in view!
No target in view!
There is an escape hatch in the ceiling here.
A kobold comes into view.
It is wielding a +2 short sword of draining.
A kobold is nearby!
A kobold is nearby!
The kobold shouts!
The kobold hits you but does no damage.
You feel drained. 😎 HP[-1]
You now have 25 max hp (-1).
Unknown command.
Unknown command.
You barely miss the kobold. Your grab misses the kobold.
Your tentacle-slap misses the kobold.
You squeeze the kobold, but do no damage.
The kobold hits you with a +2 short sword of draining.
You feel drained. 😮 HP[-7]
You now have 24 max hp (-1).
You take 7 damage, and now have 18/24 hp.
MASSIVE DAMAGE!! (PAUSE)
You miss the kobold. Your grab misses the kobold.
You squeeze the kobold, but do no damage.
The kobold hits you with a +2 short sword of draining.
* * * LOW HITPOINT WARNING * * *
You feel drained.
* * * LOW HITPOINT WARNING * * *
😨 HP[-8]
You now have 23 max hp (-1).
You take 8 damage, and now have 10/23 hp.
MASSIVE DAMAGE!! (PAUSE)
You closely miss the kobold. Your grab misses the kobold.
Your squeeze misses the kobold.
The kobold hits you with a +2 short sword of draining.
* * * LOW HITPOINT WARNING * * *
You feel drained. 😱 HP[-5]
You now have 21 max hp (-2).
You take 5 damage, and now have 5/21 hp.
MASSIVE DAMAGE!! (PAUSE) Unknown command.
It was a potion of resistance.
You feel protected.
The kobold hits you with a +2 short sword of draining.
* * * LOW HITPOINT WARNING * * *
You feel drained. 😱 HP[-3]
You now have 20 max hp (-1).
You take 3 damage, and now have 2/20 hp.
Unknown command.
It was a potion of haste.
You feel yourself speed up.
The kobold hits you with a +2 short sword of draining!
You die...

Skill      XL: |  1  2 |
---------------+-------+-----
Long Blades    | 4 |  4.2
Fighting       | |  3.0
Dodging        | |  2.3

Action                   || total
-------------------------++-------
Melee: Falchion          ||    54
       Tentacles         ||    15
       Constrict         ||    17
  Use: Potion            ||     2
 Stab: Sleeping          ||     3
Armor: Skin              ||     3
Dodge: Dodged            ||    37

Levels and vault maps discovered:
D:1:      minmay_arrival_arboretum_small, layout_basic,
          shapermc_ecumenical_altar_acropolis, hangedman_decor_slide_cut
D:2:      layout_basic, roderic_nine_men_s_morris, chequers_mini_garden,
          uniq_natasha

Notes
Turn   | Place    | Note
-------+----------+-------------------------------------------
     0 | D:1      | spaghetti the Octopode Chaos Knight began the quest for the
                  | Orb.
     0 | D:1      | Reached XP level 1. HP: 16/16 MP: 1/1
     0 | D:1      | magus.rc [v1.9.6]
   200 | D:1      | XOM: potion effect (brilliance)
   203 | D:1      | Reached XP level 2. HP: 21/21 MP: 2/2
   301 | D:1      | XOM: divination: magic mapping
   679 | D:1      | Reached skill level 4 in Long Blades
   805 | D:1      | You pick up a book of Rime and begin reading...
   805 | D:1      | You add the spells Frozen Ramparts, Ice Form and Summon Ice
                  | Beast to your library.
   871 | D:1      | You add the spells Conjure Flame, Ignite Poison and Sticky
                  | Flame to your library.
   942 | D:1      | XOM: chaos upgrade
   944 | D:1      | XOM: smoke on damage
  1015 | D:1      | XOM: cloud trail
  1181 | D:1      | Found a faded altar of an unknown god.
  1237 | D:1      | Reached XP level 3. HP: 26/26 MP: 3/3
  1421 | D:2      | XOM: summons 2 hostile shadow creatures
  1666 | D:2      | XOM: silly message
  2075 | D:2      | HP: 5/23 [kobold/+2 short sword of draining (5)]
  2076 | D:2      | HP: 2/21 [kobold/+2 short sword of draining (3)]
  2077 | D:2      | Slain by a kobold

Vanquished Creatures
  A dart slug (D:1)
  3 endoplasms (D:1)
  4 hobgoblins
  3 jackals (D:1)
  5 kobolds
  2 ball pythons
  A bat (D:2)
  2 frilled lizards
  3 goblins
  2 rats (D:1)
26 creatures vanquished.

Table legend:
 A = Non-vault XP
 B = Vault XP
 C = Vault XP percentage of total XP
 D = Non-vault monster count
 E = Vault monster count
 F = Vault count percentage of total count
                 A         B        C        D         E       F
            +---------+---------+-------+---------+---------+-------
      Total |      42 |       0 |   0.0 |      26 |       0 |   0.0
            +---------+---------+-------+---------+---------+-------
        D:1 |      34 |       0 |   0.0 |      20 |       0 |   0.0
        D:2 |       8 |       0 |   0.0 |       6 |       0 |   0.0
            +---------+---------+-------+---------+---------+-------

Illustrated notes

Table legend:
 A = Kills in this place as a percentage of kills in entire the game.
 B = Kills by you in this place as a percentage of kills by you in the entire game.
 C = Kills by friends in this place as a percentage of kills by friends in the entire game.
 D = Other kills in this place as a percentage of other kills in the entire game.
 E = Experience gained in this place as a percentage of experience gained in the entire game.
 F = Experience gained in this place divided by the number of levels of this place that you have seen.
                   A       B       C       D       E      F
               +-------+-------+-------+-------+-------+----------------------
         Total | 100.0 | 100.0 |   N/A |   N/A | 100.0 |  21.0
       Dungeon | 100.0 | 100.0 |   N/A |   N/A | 100.0 |  21.0
               +-------+-------+-------+-------+-------+----------------------

Table legend: (Time is in decaauts)
 A = Elapsed time spent in this place.
 B = Non-inter-level travel time spent in this place.
 C = Inter-level travel time spent in this place.
 D = Time resting spent in this place.
 E = Time spent auto-exploring this place.
 F = Levels seen in this place.
 G = Mean time per level.
                   A        B        C        D        E       F      G
               +--------+--------+--------+--------+--------+-----+--------+
         Total |   2081 |   2068 |     13 |    512 |   1384 |   2 | 1040.5 |
       Dungeon |   2081 |   2068 |     13 |    512 |   1384 |   2 | 1040.5 |
               +--------+--------+--------+--------+--------+-----+--------+

Top non-repeatable levels by time:
     D:1: 1348 daAuts
     D:2: 733 daAuts
